 Dungeon Crawl Stone Soup version 0.29.0-5-ge4962eb29e (webtiles) character file.

Game seed: 13767868952251708695

651 Ordine the Magician (level 7, 0/36 HPs)
             Began as a Deep Elf Hedge Wizard on Aug 28, 2022.
             Was an Initiate of Sif Muna.
             Slain by an ice beast (7 damage)
             ... on level 4 of the Dungeon.
             The game lasted 00:16:08 (4620 turns).

Ordine the Magician (Deep Elf Hedge Wizard)         Turns: 4620, Time: 00:16:10

Health: 0/36       AC:  5    Str:  7    XL:     7   Next: 28%
Magic:  13/18      EV: 13    Int: 21    God:    Sif Muna [......]
Gold:   131        SH:  0    Dex: 14    Spells: 9/18 levels left

rFire   . . .      SeeInvis .   a - +0 dagger
rCold   . . .      Faith    .   (no shield)
rNeg    . . .      Spirit   .   b - +0 robe
rPois   .          Reflect  .   f - +0 helmet
rElec   .          Harm     .   k - +0 cloak
rCorr   .          Rampage  .   i - +0 pair of gloves
Will    .....                   (no boots)
Stlth   ++........              (no amulet)
HPRegen 0.12/turn               (no ring)
MPRegen 0.16/turn               (no ring)

@: no status effects
A: no striking features
a: Renounce Religion


You were on level 4 of the Dungeon.
You worshipped Sif Muna.
Sif Muna was noncommittal.
You visited 2 branches of the dungeon, and saw 5 of its levels.

You collected 131 gold pieces.

Inventory:

Hand Weapons
 a - a +0 dagger (weapon)
Armour
 b - a +0 robe (worn)
 f - a +0 helmet (worn)
 i - a +0 pair of gloves (worn)
 k - a +0 cloak (worn)
Wands
 p - a wand of mindburst (12)
 s - a wand of charming (14)
Scrolls
 h - 4 scrolls of teleportation
 n - a scroll of enchant armour
 o - a scroll of amnesia
Potions
 c - a potion of lignification {unknown}
 d - a potion of magic
 e - 2 potions of heal wounds {unknown}
 g - a potion of resistance
 j - a potion of curing
 l - 2 potions of berserk rage
 m - a potion of degeneration {unknown}
 q - 2 potions of ambrosia {unknown}


   Skills:
 - Level 3.0 Dodging
 - Level 3.0 Stealth
 + Level 6.4 Spellcasting
 + Level 3.8 Conjurations
 - Level 2.0 Summonings
 - Level 3.0 Translocations
 + Level 3.3 Fire Magic
 + Level 2.9 Air Magic
 + Level 1.0 Invocations
 + Level 1.0 Evocations


You had 9 spell levels left.
You knew the following spells:

 Your Spells              Type           Power      Damage    Failure   Level
a - Magic Dart            Conj           88%        1d7       1%          1
b - Blink                 Tloc           38%        N/A       4%          2
c - Conjure Flame         Conj/Fire      21%        6-21      6%          3
d - Mephitic Cloud        Conj/Pois/Air  16%        N/A       11%         3

Your spell library contained the following spells:

 Spells                   Type           Power      Damage    Failure   Level
 Call Imp                 Summ           15%        N/A       6%          2
 Poisonous Vapours        Pois/Air       24%        N/A       8%          2
 Gell's Gravitas          Tloc           19%        N/A       9%          3
 Lesser Beckoning         Tloc           19%        N/A       9%          3
 Teleport Other           Tloc           19%        N/A       9%          3
 Slow                     Hex            24%        N/A       10%         1
 Sting                    Tmut/Pois      24%        1d4       10%         1
 Olgreb's Toxic Radiance  Pois           6%         N/A       67%         4


Dungeon Overview and Level Annotations

Branches:
Dungeon (4/15)             Temple (1/1) D:4

Altars:
Ashenzari
Cheibriados
Dithmenos
Elyvilon
Fedhas
Gozag
Hepliaklqana
Kikubaaqudgha
Nemelex Xobeh
Qazlal
Sif Muna
Trog
Uskayaw
Vehumet
Xom
Zin
The Shining One


Message History

An orc comes into view. It is wielding a +0 war axe.
The magic dart hits the orc.
The orc is lightly wounded.
The orc shouts!
The magic dart hits the orc!
You kill the orc!
Sif Muna accepts your kill.
Your Invocations skill increases to level 1!
You can't see any susceptible monsters within range! (Use Z to cast anyway.)
You see here a +0 war axe.
There is a fountain of clear blue water here.
There is a dry fountain here.
s - a wand of charming (14) (gained 4 charges)
There is a stone staircase leading down here.
An ice beast comes into view.
Found a robe.
The magic dart hits the ice beast but does no damage.
The magic dart hits the ice beast but does no damage.
The magic dart hits the ice beast.
The ice beast is lightly wounded.
The magic dart hits the ice beast.
The ice beast is lightly wounded.
Aiming: Mindburst
Press: ? - help, Shift-Dir - straight line, f/p - ice beast
Aim: an ice beast (lightly wounded, chance to affect: 69%)
The ice beast's mind is blasted!
The magic dart hits the ice beast.
The ice beast is severely wounded.
The ice beast hits you. The ice beast freezes you!
The magic dart hits the ice beast.
The ice beast is severely wounded.
The ice beast hits you. The ice beast freezes you!
* * * LOW HITPOINT WARNING * * *
Aiming: Mindburst
Press: ? - help, Shift-Dir - straight line, f/p - ice beast
Aim: an ice beast (severely wounded, chance to affect: 69%)
The ice beast struggles to resist.
The ice beast hits you.
* * * LOW HITPOINT WARNING * * *
The ice beast freezes you!
You die...

#[. #.. #..
####### #..
#.....# ..####
#.....# ....
#.....##########Y#
............>...@#
##...#######.#####
#.⌠.# #.#
##...#### #.#
........## #.#
⌠..>..⌠..###.#
..........##.#
##..)####.##.####
#.⌠.# #...[....#


You could see an ice beast.

Vanquished Creatures
  Sigmund (D:3)
  Menkaure (D:4)
  A water moccasin (Temple)
  A necrophage (D:4)
  A scorpion (D:4)
  Ijyb (D:4)
  3 gnolls (D:3)
  4 adders
  A dart slug (D:1)
  4 orcs
  9 endoplasms
  A giant cockroach (D:2)
  9 goblins
  2 hobgoblins
  4 quokkas
  4 ball pythons
  5 bats
  A frilled lizard (D:3)
  2 kobolds
  5 rats
60 creatures vanquished.

Vanquished Creatures (others)
  A hobgoblin (D:1)
1 creature vanquished.

Grand Total: 61 creatures vanquished

Notes
Turn   | Place    | Note
-------+----------+-------------------------------------------
     0 | D:1      | Ordine the Deep Elf Hedge Wizard began the quest for the
                  | Orb.
     0 | D:1      | Reached XP level 1. HP: 10/10 MP: 7/7
    89 | D:1      | Found a faded altar of an unknown god.
   231 | D:1      | Reached XP level 2. HP: 15/15 MP: 6/9
   234 | D:1      | Learned a level 2 spell: Blink
  1238 | D:2      | Reached XP level 3. HP: 19/19 MP: 8/11
  1242 | D:2      | Learned a level 3 spell: Conjure Flame
  1246 | D:2      | Learned a level 3 spell: Mephitic Cloud
  1928 | D:2      | Found a radiant altar of Vehumet.
  2305 | D:3      | Reached XP level 4. HP: 24/24 MP: 9/12
  2361 | D:3      | Reached skill level 5 in Spellcasting
  2361 | D:3      | Reached skill level 1 in Fire Magic
  2702 | D:3      | Noticed Sigmund
  3473 | D:3      | Killed Sigmund
  3474 | D:3      | Reached skill level 1 in Air Magic
  3474 | D:3      | Reached XP level 5. HP: 28/28 MP: 9/15
  3474 | D:3      | Reached XP level 6. HP: 32/32 MP: 9/16
  3803 | D:4      | Found a staircase to the Ecumenical Temple.
  3812 | D:4      | Noticed a water moccasin
  3813 | D:4      | Noticed Menkaure
  3817 | Temple   | Entered the Ecumenical Temple
  3821 | Temple   | Killed a water moccasin
  3822 | Temple   | Reached skill level 6 in Spellcasting
  4127 | Temple   | Became a worshipper of Sif Muna the Loreminder
  4324 | D:4      | Killed Menkaure
  4325 | D:4      | Reached XP level 7. HP: 36/36 MP: 18/18
  4458 | D:4      | Noticed Ijyb
  4469 | D:4      | Killed Ijyb
  4470 | D:4      | Reached skill level 1 in Evocations
  4512 | D:4      | Reached skill level 1 in Invocations
  4620 | D:4      | Slain by an ice beast

Illustrated notes

Levels and vault maps discovered:
D:1:      lemuel_arrival_cross, layout_rooms, shapermc_ecumenical_altar_venn,
          minivault_14, nrook_mini_backslash, nrook_campfire
D:2:      layout_basic, basic_altar, st_stairs_3
D:3:      layout_rooms, uniq_sigmund
D:4:      layout_basic, minmay_temple_entry_junction, uniq_menkaure, uniq_ijyb
Temple:   nicolae_temple_bog_church

Skill      XL: |  1  2  3  4  5  6  7 |
---------------+----------------------+-----
Stealth        | 3 |  3.0
Dodging        | 3 |  3.0
Spellcasting   | 5 6 |  6.4
Translocations | 2 3 |  3.0
Fire Magic     | 2 3 |  3.3
Conjurations   | 2 3 |  3.8
Summonings     | 2 |  2.0
Air Magic      | 1 2 |  2.9
Evocations     | 1 |  1.0
Invocations    | 1 |  1.0

Action                   |  1- 3 |  4- 6 |  7- 9 || total
-------------------------+-------+-------+-------++-------
Melee: Dagger            |       |       |     3 ||     3
 Cast: Magic Dart        |    91 |    80 |    13 ||   184
Evoke: Wand              |       |     8 |     3 ||    11
  Use: Scroll            |       |     7 |     1 ||     8
       Potion            |       |     2 |       ||     2
Armor: Robe              |     3 |     2 |     2 ||     7
Dodge: Dodged            |     4 |    11 |     4 ||    19
